 Dungeon Sprint DCSS version 0.23-a0-703-gdf2d5e0 (webtiles) character file.

1715 rednecknazgul the Quickloader (level 8, -7/78 HPs)
             Began as a Centaur Hunter on Jan 14, 2019.
             Was a Priest of Okawaru.
             Hit by a large rock thrown by a cyclops (15 damage)
             ... in the Dungeon (Sprint IX: "|||||||||||||||||||||||||||||").
             The game lasted 00:01:40 (354 turns).

rednecknazgul the Quickloader (Centaur Hunter)       Turns: 354, Time: 00:01:40

Health: -7/78      AC: 14    Str: 16    XL:     8   Next: 74%
Magic:  8/8        EV:  7    Int: 10    God:    Okawaru [***...]
Gold:   0          SH:  0    Dex: 11    Spells: 7/7 levels left

rFire    . . .     SeeInvis .   a - +1 hand crossbow
rCold    . . .     Gourm    .   (no shield)
rNeg     . . .     Faith    .   q - +0 plate armour
rPois    .         Spirit   .   p - +0 helmet
rElec    .         Reflect  .   (no cloak)
rCorr    .         Harm     .   (no gloves)
MR       .....     NoTele   +   (no barding)
Stlth    ..........             (no amulet)
HPRegen  0.23/turn              r - +2 ring of evasion
MPRegen  0.11/turn              s - +2 ring of protection

@: very quick
A: large, hooves 3, deformed body, speed 2, tough skin 3
a: Heroism, Renounce Religion


You were in the Dungeon.
You worshipped Okawaru.
Okawaru was most pleased with you.
You were not hungry.

You visited 1 branch

Inventory:

Hand Weapons
 a - a +1 hand crossbow (weapon)
Armour
 p - a +0 helmet (worn)
 q - a +0 plate armour (worn)
Jewellery
 r - a +2 ring of evasion (left hand)
 s - a +2 ring of protection (right hand)
Scrolls
 k - 2 scrolls of blinking
 m - 3 scrolls of remove curse
 n - 2 scrolls of amnesia
Potions
 e - 5 potions of curing
 g - 3 potions of heal wounds
 h - a potion of haste
 i - 4 potions of magic
 j - a potion of berserk rage
 l - a potion of invisibility
Comestibles
 f - a ration


   Skills:
 + Level 9.1 Fighting
 * Level 13.8 Crossbows
 + Level 6.7 Armour
 + Level 6.9 Dodging
 - Level 0.4 Stealth


You had 7 spell levels left.
You didn't know any spells.
Your spell library was empty.

Dungeon Overview and Level Annotations

Branches:
Dungeon (1/1)

Altars:
Cheibriados
Dithmenos
Elyvilon
Fedhas
Gozag
Hepliaklqana
Kikubaaqudgha
Makhleb
Nemelex Xobeh
Okawaru
Qazlal
Ru
Sif Muna
Trog
Uskayaw
Vehumet
Wu Jian
Xom
Yredelemnul
Zin
The Shining One
Beogh
Jiyva
Lugonu


Innate Abilities, Weirdness & Mutations

You have hooves in place of feet.
Armour fits poorly on your strangely shaped body.
You cover ground very quickly.
You have extremely tough skin. (AC +3)


Message History

The cyclops throws a large rock.
The large rock hits you.
* * * LOW HITPOINT WARNING * * *
There is a sparkling altar of Nemelex Xobeh, spattered with blood here.
You see here 2 large rocks.
Evoke which item? (* to show all) (? for menu, Esc to quit)
Aiming: Corrosive Bolt
Press: ? - help, Shift-Dir - straight line, f - cyclops
Aim: a cyclops The bolt of acid hits the cyclops.
The cyclops is splashed with acid.
The acid corrodes the cyclops!
The cyclops is heavily wounded.
Evoke which item? (* to show all) (? for menu, Esc to quit)
Aiming: Corrosive Bolt
Press: ? - help, Shift-Dir - straight line, f/p - cyclops
Aim: a cyclops (heavily wounded, covered in acid)
The bolt of acid hits the cyclops.
The cyclops is splashed with acid.
The cyclops is severely wounded.
The now-empty wand crumbles to dust.
The cyclops throws a large rock.
The large rock hits you!
You die... ▓▓▓▓▓▓▓▓▓▓▓▓▓▓▓▓▓▓▓▓▓▓▓▓▓▓▓▓▓▓▓▓▓ ....'___________@___C________'(.| ▓▓▓▓▓▓▓▓▓▓▓▓▓▓▓▓▓▓▓▓▓▓▓▓▓▓▓▓▓▓▓▓▓

You could see a cyclops.

Vanquished Creatures
  A two-headed ogre (D)
  An ugly thing (D)
  A cyclops (D)
  An orc warrior (D)
  A centaur (D)
  A wight (D)
  A hound (D)
  A jelly (D)
  A gnoll shaman (D)
  A shadow imp (D)
  An adder zombie (D)
  A dart slug (D)
  A leopard gecko (D)
  An orc (D)
  A ball python (D)
  A hobgoblin (D)
  A jackal (D)
  A quokka (D)
  A frilled lizard (D)
  A leopard gecko skeleton (D)
  A rat (D)
21 creatures vanquished.

Notes
Turn   | Place    | Note
-------+----------+-------------------------------------------
     0 | D        | rednecknazgul the Centaur Hunter began the quest for the
                  | Orb.
     0 | D        | Reached XP level 1. HP: 17/17 MP: 1/1
     9 | D        | Reached skill level 5 in Crossbows
    29 | D        | Noticed a jelly
    29 | D        | Noticed a gnoll shaman
    35 | D        | Killed a jelly
    35 | D        | Reached skill level 6 in Crossbows
    35 | D        | Reached skill level 1 in Armour
    35 | D        | Reached XP level 2. HP: 26/26 MP: 2/2
    35 | D        | Reached XP level 3. HP: 31/31 MP: 3/3
    45 | D        | Reached skill level 7 in Crossbows
    45 | D        | Reached XP level 4. HP: 31/40 MP: 4/4
    59 | D        | Found a roughly hewn altar of Beogh.
    59 | D        | Found a snail-covered altar of Cheibriados.
    59 | D        | Found a shadowy altar of Dithmenos.
    59 | D        | Found a white marble altar of Elyvilon.
    59 | D        | Found a blossoming altar of Fedhas.
    59 | D        | Found an opulent altar of Gozag.
    60 | D        | Found a hazy altar of Hepliaklqana.
    61 | D        | Found a viscous altar of Jiyva.
    62 | D        | Found an ancient bone altar of Kikubaaqudgha.
    63 | D        | Found a corrupted altar of Lugonu.
    64 | D        | Found a burning altar of Makhleb.
    65 | D        | Found a sparkling altar of Nemelex Xobeh.
    66 | D        | Found an iron altar of Okawaru.
    67 | D        | Found a stormy altar of Qazlal.
    68 | D        | Found a sacrificial altar of Ru.
    69 | D        | Found a deep blue altar of Sif Muna.
    70 | D        | Found a bloodstained altar of Trog.
    71 | D        | Found a hide-covered altar of Uskayaw.
    72 | D        | Found a radiant altar of Vehumet.
    73 | D        | Found an ornate altar of the Wu Jian Council.
    74 | D        | Became a worshipper of Warmaster Okawaru
    75 | D        | Found a shimmering altar of Xom.
    76 | D        | Found a basalt altar of Yredelemnul.
    77 | D        | Found a glowing silver altar of Zin.
    78 | D        | Found a glowing golden altar of the Shining One.
   138 | D        | Noticed a centaur
   145 | D        | Killed a centaur
   145 | D        | Reached skill level 5 in Fighting
   145 | D        | Reached skill level 8 in Crossbows
   145 | D        | Reached XP level 5. HP: 45/48 MP: 5/5
   149 | D        | Reached * piety under Okawaru
   149 | D        | Reached skill level 9 in Crossbows
   291 | D        | Noticed a cyclops
   291 | D        | Noticed a brown ugly thing
   291 | D        | Noticed an orc warrior
   291 | D        | Noticed a two-headed ogre
   291 | D        | Noticed a cyclops
   296 | D        | Killed a cyclops
   296 | D        | Reached skill level 11 in Crossbows
   296 | D        | Reached skill level 5 in Armour
   296 | D        | Reached skill level 5 in Dodging
   296 | D        | Reached XP level 6. HP: 53/60 MP: 6/6
   296 | D        | Reached XP level 7. HP: 59/66 MP: 7/7
   297 | D        | Killed a two-headed ogre
   297 | D        | Reached ** piety under Okawaru
   297 | D        | Reached *** piety under Okawaru
   297 | D        | Reached skill level 12 in Crossbows
   297 | D        | Reached XP level 8. HP: 67/75 MP: 8/8
   337 | D        | Killed a brown ugly thing
   337 | D        | Reached skill level 13 in Crossbows
   354 | D        | Hit by a large rock thrown by a cyclops

Vault maps used:
D:        linesprint

Skill      XL: |  1  2  3  4  5  6  7  8 |
---------------+-------------------------+-----
Crossbows      | 6 7 8 11 12 13 | 13.8
Fighting       | 3 4 5 7 8 9 |  9.1
Armour         | 1 2 3 5 6 |  6.7
Dodging        | 2 3 5 6 |  6.9
Stealth        | |  0.4

Action                   |  1- 3 |  4- 6 |  7- 9 || total
-------------------------+-------+-------+-------++-------
 Fire: Hand crossbow     |    22 |    19 |    15 ||    56
Evoke: Wand              |       |     3 |     7 ||    10
Armor: Leather armour    |     8 |       |       ||     8
       Plate armour      |       |     9 |     3 ||    12
Dodge: Dodged            |     7 |     3 |     1 ||    11

Table legend:
 A = Non-vault XP
 B = Vault XP
 C = Vault XP percentage of total XP
 D = Non-vault monster count
 E = Vault monster count
 F = Vault count percentage of total count
                 A         B        C        D         E       F
            +---------+---------+-------+---------+---------+-------
      Total |       0 |    2450 | 100.0 |       0 |      21 | 100.0
            +---------+---------+-------+---------+---------+-------
          D |       0 |    2450 | 100.0 |       0 |      21 | 100.0
            +---------+---------+-------+---------+---------+-------
